 Dungeon Crawl Stone Soup version 0.31-a0-182-gc5ef74bbde (webtiles) character file.

Game seed: 11268483931051266924

20811 ketsa the Covert (level 12, -6/92 HPs)
             Began as a Vampire Earth Elementalist on June 21, 2023.
             Was the Champion of Jiyva.
             Mangled by a culicivora (13 damage)
             ... on level 3 of the Lair of Beasts.
             The game lasted 00:51:01 (10817 turns).

ketsa the Covert (Vampire Earth Elementalist)      Turns: 10817, Time: 00:51:02

Health: -6/92      AC: 11    Str:  8    XL:     12   Next: 48%
Magic:  0/20       EV: 15    Int: 26    God:    Jiyva [******]
Gold:   402        SH:  0    Dex: 14    Spells: 12/22 levels left

rFire   . . .        G - +8 demon blade of Wyrd {freeze, Str+2 Stlth+}
rCold   . . .        (no shield)
rNeg    + . .        C - +3 steam dragon scales
rPois   .            J - +2 hat of the Bear Spirit {Spirit, Bear, *Rage Will++}
rElec   .            (no cloak)
rCorr   +            (no gloves)
SInv    +            y - +0 pair of boots
Will    +++..        (no amulet)
Stlth   ++++++       p - ring of positive energy
HPRegen 2.15/turn    (no ring)
MPRegen 0.67/turn

%: random rage (20%), guardian spirit
@: healing quickly, hasted, very quick
A: alive, fangs 3, see invisible, vampiric 2, talons 1, clever 1, acidic bite,
translucent skin 1, jelly sensing items, jelly absorbing missiles
a: Exsanguinate, Renounce Religion, Oozemancy, Slimify


You were on level 3 of the Lair of Beasts.
You worshipped Jiyva.
Jiyva was exalted by your worship.
You visited 4 branches of the dungeon, and saw 15 of its levels.
You also visited: Bailey.

You collected 482 gold pieces.
You spent 80 gold pieces at shops.

Inventory:

Hand Weapons
 c - a +1 short sword of draining
 i - a +0 dagger of venom
 F - the +0 flail of Infection {flame, Contam rC+ Will+ Dex+2}
   (You took it off a gnoll on level 6 of the Dungeon)

   Dex:       It affects your dexterity (+2).
   rC:        It protects you from cold.
   Contam:    It causes magical contamination when unequipped.
   Will:      It increases your willpower.
 G - the +8 demon blade of Wyrd (weapon) {freeze, Str+2 Stlth+}
   (You took it off a deep elf pyromancer on level 7 of the Dungeon)

   Str:       It affects your strength (+2).
   Stlth:     It makes you more stealthy.
Missiles
 x - 2 boomerangs of dispersal
 I - 6 throwing nets
Armour
 a - a +0 robe
 j - a +0 helmet
 s - a +0 helmet
 u - +0 steam dragon scales
 w - a +1 robe of fire resistance
 y - a +0 pair of boots (worn)
 C - +3 steam dragon scales (worn)
 J - the +2 hat of the Bear Spirit (worn) {Spirit, Bear, *Rage Will++}
   (You found it in a bailey)

   Bear:      Going berserk makes the wearer exceptionally tough, and they are
   slowed for a shorter time afterward.
   *Rage:     It berserks you when you make melee attacks (+20% chance).
   Will:      It greatly increases your willpower.
Jewellery
 m - a +4 ring of protection
 p - a ring of positive energy (left hand)
 q - a ring of ice
Wands
 g - a wand of iceblast (4)
 r - a wand of flame (5) (quivered)
 D - a wand of quicksilver (9)
Scrolls
 d - 3 scrolls of immolation {unknown}
 h - 2 scrolls of torment
 k - a scroll of vulnerability {unknown}
 l - a scroll of brand weapon {unknown}
 n - a scroll of poison {unknown}
 t - a scroll of enchant weapon {unknown}
 A - a scroll of blinking {unknown}
 B - a scroll of summoning {unknown}
 L - a scroll of silence {unknown}
Potions
 e - a potion of lignification
 f - a potion of haste
 o - a potion of berserk rage
 v - a potion of degeneration
 z - 2 potions of enlightenment
 H - a potion of brilliance


   Skills:
 - Level 7.9 Fighting
 - Level 7.6 Long Blades
 - Level 7.1 Dodging
 - Level 10.0 Stealth
 + Level 5.9 Spellcasting
 + Level 5.6 Conjurations
 + Level 5.0 Transmutations
 + Level 6.8 Earth Magic
 - Level 6.2 Invocations
 - Level 5.4 Evocations


You had 12 spell levels left.
You knew the following spells:

 Your Spells              Type           Power      Damage    Failure   Level
a - Sandblast             Erth           86%        2d18      1%          1
b - Passwall              Tmut/Erth      31%        N/A       1%          2
c - Stone Arrow           Conj/Erth      80%        3d12      1%          3
d - Petrify               Tmut/Erth      38%        N/A       6%          4

Your spell library contained the following spells:

 Spells                   Type           Power      Damage    Failure   Level
 Shock                    Conj/Air       88%        1d8       2%          1
 Apportation              Tloc           14%        N/A       7%          1
 Spider Form              Tmut/Pois      20%        N/A       8%          3
 Ensorcelled Hibernation  Hex/Ice        14%        N/A       11%         2
 Gell's Gravitas          Tloc           7%         N/A       22%         3
 Teleport Other           Tloc           7%         N/A       22%         3
 Sticky Flame             Conj/Fire      22%        2d4       22%         4
 Anguish                  Hex/Necr       3%         N/A       56%         4
 Alistair's Intoxication  Tmut/Pois      13%        N/A       56%         5
 Starburst                Conj/Fire      11%        6d5       98%         6
 Dispersal                Tloc           3%         N/A       100%        6


Dungeon Overview and Level Annotations

Branches:
Dungeon (10/15)            Temple (1/1) D:4            Lair (3/5) D:8
  Swamp (1/4) Lair:3       Bailey (visited)
  Snake: Lair:2-3    Spider: Lair:2-3       Orc: D:9-12

Altars:
Ashenzari
Cheibriados
Dithmenos
Fedhas
Gozag
Hepliaklqana
Kikubaaqudgha
Makhleb
Nemelex Xobeh
Okawaru
Qazlal
Ru
Sif Muna
Trog
Uskayaw
Vehumet
Wu Jian
Xom
Yredelemnul
Jiyva

Shops:
D:2 *   D:4 (   D:5 ?

Annotations:
D:2 1 runed translucent door, Crazy Yiuf
D:3 2 runed translucent doors, Anon1729's ghost, amateur MiMo
D:5 3 runed translucent doors, Flippered's ghost, amateur DEEE; Tonnatak's ghost, novice OpHu; lucassayen's ghost, novice HOMo
D:7 2 runed translucent doors, exclusion: door
D:8 exclusion: oklob plant


Innate Abilities, Weirdness & Mutations

Your natural rate of healing is accelerated.
You have razor-sharp teeth.
You have supernaturally acute eyesight. (SInv)
You are afflicted with vampirism and can become a bat while bloodless.
You have sharp toenails.
Your mind is acute. (Int +4, Str/Dex -1)
You have acidic saliva.
Your translucent skin slightly reduces your foes' accuracy. (Stealth+)
You have a small jelly attached to you that senses nearby items.
You have a small jelly attached to you that may absorb projectiles.


Message History

The culicivora bites you!
* * * LOW HITPOINT WARNING * * *
The culicivora draws strength from your injuries!
You miss the culicivora.
The culicivora is moderately wounded.
The culicivora bites you!
* * * LOW HITPOINT WARNING * * *
The culicivora draws strength from your injuries!
The culicivora closely misses you.
Okay, then.
Magic courses through your body. The culicivora bites you!
* * * LOW HITPOINT WARNING * * *
The culicivora draws strength from your injuries!
Casting: Stone Arrow (safe; 1% risk of failure)
Confirm with . or Enter, or press ? or * to list all spells.
Aiming: Stone Arrow (safe; 1% risk of failure)
Press: ? - help, Shift-Dir - straight line, f/p - culicivora
Aim: a culicivora (lightly wounded, 57% to hit)
The stone arrow hits the culicivora!!
The culicivora is heavily wounded.
The culicivora bites you!
* * * LOW HITPOINT WARNING * * *
The culicivora draws strength from your injuries!
The culicivora barely misses you.
Casting: Stone Arrow (safe; 1% risk of failure)
Confirm with . or Enter, or press ? or * to list all spells.
You don't have enough magic to cast this spell.
Okay, then.
You feel yourself speed up. The culicivora barely misses you.
The culicivora attacks as you move away!
The culicivora barely misses you.
The culicivora attacks as you move away!
The culicivora bites you!
* * * LOW HITPOINT WARNING * * *
The culicivora draws strength from your injuries!
A wyvern comes into view.
The wyvern hisses angrily.
The culicivora attacks as you move away!
The culicivora bites you!
You die...

###...#...#.## ..###........#...#
..§§...§........##
#..PP.....##...#.######
#....#...###..#.......######
......#..<##..###..##.#.....#
.(.#...........##....#.#..##.
..#.......P.................##.
.........#l....@...#.........#..
..........#....s................
..........................#......
#............................##P.
.............................##..
..............................##.
..............................##.
.....§♣~§......................##
...§~♣§§§.....................###


You could see a culicivora and a wyvern.

Vanquished Creatures
  2 two-headed ogres (D:8)
  A skyshark (Lair:2)
  A bog body (Lair:3)
  3 black mambas
  9 elephants
  A cane toad (Lair:2)
  Maggie (D:6)
  2 kobold demonologists
  4 komodo dragons
  A polar bear (Lair:2)
  A blink frog (Lair:1)
  2 culicivoras (Lair:3)
  2 wraiths
  5 wyverns
  25 yaks
  2 steam dragons
  2 basilisks (Lair:1)
  Menkaure (D:6)
  8 water moccasins
  3 orc warriors
  2 ice beasts
  3 sky beasts (D:7)
  A black bear (Lair:3)
  5 wolves (Bailey)
  5 ogres
  A phantom (D:5)
  2 bullfrogs (Lair:1)
  7 gnoll sergeants
  A wyvern zombie (D:6)
  4 scorpions
  4 killer bees (D:9)
  A howler monkey (D:5)
  An electric eel (Lair:2)
  5 hounds
  6 orc priests
  4 gnoll boudas
  2 sleepcaps
  2 iguanas (D:5)
  7 orc wizards
  A killer bee zombie (D:6)
  Robin (D:4)
  18 gnolls
  8 adders
  A white imp (D:5)
  2 worms
  A dart slug (D:2)
  22 orcs
  4 ball pythons
  An endoplasm (D:1)
  5 giant cockroaches
  16 goblins
  10 hobgoblins
  5 jackals (D:1)
  4 quokkas
  3 bats
  3 frilled lizards
  8 kobolds
  3 rats
255 creatures vanquished.

Vanquished Creatures (collateral kills)
  A bog body (Lair:3)
  A deep elf pyromancer (D:7)
  A cyclops (D:7)
  A komodo dragon (Lair:2)
  A troll (D:7)
  Prince Ribbit (D:7)
  3 yaks (D:6)
  2 wolves (Bailey)
  3 gnoll sergeants (Bailey)
  3 gnolls
  An adder (D:6)
18 creatures vanquished.

Vanquished Creatures (others)
  A floating eye (D:8)
  2 yaks (D:9)
  A water moccasin (Lair:2)
  A kobold brigand (D:8)
  A gnoll sergeant (D:9)
  2 bullfrogs
  An electric eel (Lair:2)
  3 orc priests (D:8)
  63 jellies
  A gnoll bouda (Bailey)
  An orc wizard (D:8)
  7 gnolls
  3 adders
  2 endoplasms (D:2)
  8 orcs (D:8)
  A ball python (D:2)
  3 goblins (D:9)
  2 kobolds
103 creatures vanquished.

Grand Total: 376 creatures vanquished

Notes
Turn   | Place    | Note
-------+----------+-------------------------------------------
     0 | D:1      | ketsa the Vampire Earth Elementalist began the quest for
                  | the Orb.
     0 | D:1      | Reached XP level 1. HP: 13/13 MP: 3/3
   234 | D:1      | Reached XP level 2. HP: 19/19 MP: 3/5
  1038 | D:1      | Found a faded altar of an unknown god.
  1046 | D:1      | Got Plato's Folio of Ouranomancy
  1056 | D:1      | Prayed at the altar of an unknown god.
  1056 | D:1      | Became a worshipper of Jiyva Jived the Shapeless
  1056 | D:1      | Reached * piety under Jiyva
  1297 | D:2      | Gained mutation: You are afflicted with vampirism and can
                  | become a bat while bloodless. [Vampire growth]
  1297 | D:2      | Reached XP level 3. HP: 24/24 MP: 4/6
  1451 | D:2      | Learned a level 2 spell: Passwall
  1499 | D:2      | Reached ** piety under Jiyva
  1831 | D:2      | Found a runed translucent door.
  1832 | D:2      | Noticed Crazy Yiuf
  1896 | D:2      | Found Kolurr's General Store.
  1904 | D:2      | Bought a scroll of teleportation for 36 gold pieces
  1927 | D:2      | Reached XP level 4. HP: 30/30 MP: 6/8
  2285 | D:3      | Found a runed translucent door.
  2285 | D:3      | Noticed a bullfrog
  2290 | D:3      | Noticed Anon1729's ghost (amateur MiMo)
  2327 | D:3      | Noticed a +0 hand axe
  2328 | D:3      | Noticed a +0 hand axe
  2330 | D:3      | Reached *** piety under Jiyva
  2349 | D:3      | Found a hide-covered altar of Uskayaw.
  2351 | D:3      | Found a blossoming altar of Fedhas.
  2380 | D:3      | Gained mutation: You have a small jelly attached to you
                  | that may absorb projectiles. [Jiyva's grace]
  2380 | D:3      | Gained mutation: You have sharp toenails. [Jiyva's grace]
  2380 | D:3      | Gained mutation: You have razor-sharp toenails. [Jiyva's
                  | grace]
  2380 | D:3      | Gained mutation: You have claws for feet. [Jiyva's grace]
  2447 | D:3      | Found a broken altar of Ashenzari.
  2451 | D:3      | Saw a vision of the Swamp and the Spider Nest.
  2451 | D:3      | Noticed a ghost crab
  2451 | D:3      | Noticed a bloated husk
  2451 | D:3      | Noticed a spriggan rider
  2451 | D:3      | Noticed a bunyip
  2451 | D:3      | Noticed an eleionoma
  2451 | D:3      | Noticed a six-headed hydra
  2451 | D:3      | Noticed an eleionoma
  2451 | D:3      | Noticed a bloated husk
  2451 | D:3      | Noticed a ghost moth
  2451 | D:3      | Noticed a wolf spider
  2451 | D:3      | Noticed a jorogumo
  2451 | D:3      | Noticed a steelbarb worm
  2451 | D:3      | Noticed a redback
  2451 | D:3      | Noticed an orb spider
  2451 | D:3      | Noticed a redback
  2451 | D:3      | Noticed a redback
  2451 | D:3      | Noticed a pharaoh ant
  2452 | D:3      | Noticed a jumping spider
  2452 | D:3      | Noticed a steelbarb worm
  2452 | D:3      | Noticed a broodmother
  2453 | D:3      | Noticed a jumping spider
  2454 | D:3      | Noticed a redback
  2455 | D:3      | Noticed a pharaoh ant
  2456 | D:3      | Noticed a pharaoh ant
  2515 | D:3      | Found a runed translucent door.
  2687 | D:4      | Reached XP level 5. HP: 31/35 MP: 6/9
  2690 | D:4      | Noticed an ogre
  2814 | D:4      | Noticed Robin
  2869 | D:4      | Killed Robin
  2915 | D:3      | Learned a level 3 spell: Stone Arrow
  3070 | D:4      | Found Ciruwn's Weapon Shop.
  3149 | D:4      | Found a shadowy altar of Dithmenos.
  3152 | D:4      | Found an iron altar of Okawaru.
  3156 | D:4      | Found a hazy altar of Hepliaklqana.
  3157 | D:4      | Found a shimmering blue altar of Sif Muna.
  3159 | D:4      | Found an ancient bone altar of Kikubaaqudgha.
  3163 | D:4      | Found a burning altar of Makhleb.
  3186 | D:4      | Reached skill level 1 in Invocations
  3191 | D:4      | Reached **** piety under Jiyva
  3249 | D:4      | Found a staircase to the Ecumenical Temple.
  3253 | D:4      | Reached skill level 1 in Conjurations
  3284 | Temple   | Entered the Ecumenical Temple
  3465 | D:4      | Found a snail-covered altar of Cheibriados.
  3507 | D:4      | Killed an ogre
  3508 | D:4      | Reached XP level 6. HP: 41/41 MP: 9/11
  3527 | D:5      | Entered Level 5 of the Dungeon
  3619 | D:5      | Found Itatir's Magic Scroll Shoppe.
  3623 | D:5      | Found a runed translucent gate.
  3625 | D:5      | Found a runed translucent gate.
  3625 | D:5      | Found a runed translucent gate.
  3626 | D:5      | Noticed lucassayen's ghost (novice HOMo)
  3626 | D:5      | Noticed Flippered's ghost (amateur DEEE)
  3626 | D:5      | Noticed Tonnatak's ghost (novice OpHu)
  3646 | D:5      | Bought a scroll of identify for 22 gold pieces
  3646 | D:5      | Bought a scroll of identify for 22 gold pieces
  3723 | D:5      | Reached XP level 7. HP: 46/46 MP: 10/12
  3744 | D:5      | Noticed a yak
  4341 | D:6      | Found a shimmering altar of Xom.
  4417 | D:6      | Reached skill level 5 in Earth Magic
  4467 | D:6      | Reached XP level 8. HP: 16/52 MP: 12/14
  4597 | D:6      | Noticed Menkaure
  4604 | D:6      | Killed Menkaure
  4605 | D:6      | Reached skill level 5 in Transmutations
  4624 | D:6      | Noticed Maggie
  4645 | D:6      | Found an opulent altar of Gozag.
  4846 | D:7      | Noticed Prince Ribbit
  4888 | D:7      | Reached skill level 1 in Fighting
  4951 | D:7      | Lost mutation: You have claws for feet. [Jiyva's grace]
  4951 | D:7      | Gained mutation: Your translucent skin slightly reduces
                  | your foes' accuracy. (Stealth+) [Jiyva's grace]
  4951 | D:7      | Gained mutation: Your translucent skin reduces your foes'
                  | accuracy. (Stealth+) [Jiyva's grace]
  4951 | D:7      | Gained mutation: Your transparent skin significantly
                  | reduces your foes' accuracy. (Stealth+) [Jiyva's grace]
  4951 | D:7      | Gained mutation: You are agile. (Dex +4, Str/Int -1)
                  | [Jiyva's grace]
  4960 | D:7      | Found a radiant altar of Vehumet.
  4961 | D:7      | Reached ***** piety under Jiyva
  5031 | D:7      | Found a runed translucent door.
  5031 | D:7      | Found a runed translucent door.
  5031 | D:7      | Noticed a boulder beetle
  5083 | D:7      | Reached skill level 5 in Spellcasting
  5343 | D:6      | Killed Maggie
  5344 | D:6      | Reached XP level 9. HP: 53/61 MP: 14/16
  5633 | D:6      | Found a basalt altar of Yredelemnul.
  5903 | D:7      | Noticed a komodo dragon
  5972 | D:8      | Noticed a two-headed ogre
  5979 | D:8      | Killed a two-headed ogre
  5980 | D:8      | Reached skill level 5 in Conjurations
  6021 | D:7      | Killed a komodo dragon
  6030 | D:7      | Identified the +0 flail of Infection {flame, Contam rC+
                  | Will+ Dex+2}
  6122 | D:7      | Identified the +8 demon blade of Wyrd {freeze, Str+2
                  | Stlth+}
  6122 | D:7      | Noticed a deep elf pyromancer
  6124 | D:7      | Killed a deep elf pyromancer
  6125 | D:7      | Reached XP level 10. HP: 15/70 MP: 12/18
  6175 | D:7      | Noticed a smoke demon
  6277 | D:7      | Reached skill level 1 in Long Blades
  6277 | D:7      | Reached skill level 4 in Stealth
  6277 | D:7      | Reached skill level 5 in Invocations
  6349 | D:7      | Noticed a cyclops
  6385 | D:7      | Killed a cyclops
  6390 | D:7      | Killed Prince Ribbit
  6391 | D:7      | Reached skill level 5 in Stealth
  6434 | D:8      | Found a staircase to the Lair.
  6535 | D:8      | Noticed an oklob plant
  6585 | D:8      | Noticed a two-headed ogre
  6605 | D:8      | Killed a two-headed ogre
  6606 | D:8      | Reached skill level 6 in Stealth
  6852 | Lair:1   | Entered Level 1 of the Lair of Beasts
  6872 | Lair:1   | Noticed an elephant
  6923 | D:9      | Found a sparkling altar of Nemelex Xobeh.
  6971 | D:9      | Reached skill level 5 in Fighting
  7001 | D:9      | Found a flagged portal.
  7012 | Bailey   | Entered a bailey
  7079 | Bailey   | Reached skill level 7 in Stealth
  7227 | Bailey   | Reached XP level 11. HP: 18/80 MP: 17/19
  7331 | Bailey   | Got Sahoqaicod's Essays on Minerals and Pyromania
  7376 | Bailey   | Found the +2 hat of the Bear Spirit {Spirit, Bear, *Rage
                  | Will++}
  7538 | D:9      | Lost mutation: You are agile. (Dex +4, Str/Int -1) [Jiyva's
                  | grace]
  7538 | D:9      | Lost mutation: Your transparent skin significantly reduces
                  | your foes' accuracy. (Stealth+) [Jiyva's grace]
  7538 | D:9      | Gained mutation: You are robust. (+10% HP) [Jiyva's grace]
  7538 | D:9      | Gained mutation: You are very robust. (+20% HP) [Jiyva's
                  | grace]
  7538 | D:9      | Gained mutation: You are extremely robust. (+30% HP)
                  | [Jiyva's grace]
  7538 | D:9      | Gained mutation: Your mind is acute. (Int +4, Str/Dex -1)
                  | [Jiyva's grace]
  7733 | D:9      | Reached skill level 8 in Stealth
  7736 | D:9      | Reached skill level 1 in Evocations
  8174 | D:10     | Entered Level 10 of the Dungeon
  8320 | Lair:1   | Reached ****** piety under Jiyva
  8434 | Lair:1   | Reached skill level 5 in Long Blades
  8440 | Lair:1   | Reached skill level 9 in Stealth
  8940 | Lair:1   | Lost mutation: You are extremely robust. (+30% HP) [Jiyva's
                  | grace]
  8940 | Lair:1   | Lost mutation: You are very robust. (+20% HP) [Jiyva's
                  | grace]
  8940 | Lair:1   | Lost mutation: Your translucent skin reduces your foes'
                  | accuracy. (Stealth+) [Jiyva's grace]
  8940 | Lair:1   | Gained mutation: You have acidic saliva. [Jiyva's grace]
  8940 | Lair:1   | Gained mutation: You have a small jelly attached to you
                  | that senses nearby items. [Jiyva's grace]
  8940 | Lair:1   | Gained mutation: You are strong-willed. (Will+) [Jiyva's
                  | grace]
  8940 | Lair:1   | Gained mutation: You are highly strong-willed. (Will++)
                  | [Jiyva's grace]
  9332 | Lair:2   | Lost mutation: You are highly strong-willed. (Will++)
                  | [potion of mutation]
  9332 | Lair:2   | Lost mutation: You are robust. (+10% HP) [potion of
                  | mutation]
  9332 | Lair:2   | Lost mutation: You are strong-willed. (Will+) [potion of
                  | mutation]
  9332 | Lair:2   | Lost mutation: You have razor-sharp toenails. [potion of
                  | mutation]
  9420 | Lair:2   | Reached skill level 10 in Stealth
  9447 | Lair:2   | Reached skill level 5 in Dodging
  9725 | Lair:2   | Noticed a skyshark
  9742 | Lair:2   | Reached XP level 12. HP: 82/91 MP: 12/20
  9994 | Lair:2   | Noticed a boulder beetle
 10418 | Lair:3   | Noticed a catoblepas
 10437 | Lair:3   | Found a staircase to the Swamp.
 10445 | Lair:3   | Reached skill level 5 in Evocations
 10451 | Swamp:1  | Entered Level 1 of the Swamp
 10780 | Lair:3   | Learned a level 4 spell: Petrify
 10807 | Lair:3   | HP: 3/92 [culicivora (8)]
 10814 | Lair:3   | HP: 3/92 [culicivora (9)]
 10817 | Lair:3   | Mangled by a culicivora

Illustrated notes

Levels and vault maps discovered:
D:1:      heliophobic_arrival_glass_houses, layout_loops_ring,
          shapermc_ecumenical_altar_rom_forum
D:2:      layout_loops_corners, serial_shops, shop_fountains,
          minmay_randomly_rotated_circles, uniq_crazy_yiuf_cottage
D:3:      layout_rooms, lemuel_crystal_altar, dancing_weapons_uskayaw,
          grunt_ashenzari_visionary [grunt_ashenzari_visionary_swamp,
          grunt_ashenzari_visionary_spider], ebering_ghost_sewer_f
D:4:      layout_rooms, nicolae_overflow_hallway_of_the_gods,
          lemuel_coloured_pillars_altar, minmay_temple_entry_drinking_statues,
          serial_shops, kennysheep_little_box, minmay_misc_feat_more_columns,
          uniq_robin
D:5:      layout_basic, serial_shops, nicolae_shop_statue_plus,
          gammafunk_ghost_cemetery, minmay_manual_mail
D:6:      layout_basic, lemuel_zombie_altar_yredelemnul,
          mainiacjoe_overflow_paths, mainiacjoe_overflow_concentric_impassable,
          lemuel_flamethrower_2, uniq_menkaure, uniq_maggie
D:7:      minmay_the_grid_four_pointed_star
          [minmay_the_grid_triangle_9x9_zippers_horizontal,
          minmay_the_grid_triangle_9x9_shrine,
          minmay_the_grid_triangle_9x9_checkered,
          minmay_the_grid_triangle_9x9_tough_junction,
          minmay_the_grid_prize_trominoes], layout_rooms,
          nicolae_vehumet_altar_sigil, uniq_prince_ribbit1
D:8:      layout_basic, lair_entry_dummy, disabler_island
D:9:      layout_loops_cross, nemelex_xobeh_ov_fountains_minmay, enter_bailey_5
D:10:     layout_gridville, kennysheep_another_room, dreamdust_gnoll_shepherd,
          uniq_harold
Temple:   nicolae_temple_superstar
Lair:1:   layout_cellular_growth, st_stairs_9, infiniplex_staircase_pool
Lair:2:   layout_regular_city, grunt_megastairs_2, serial_bayou_shore_a
Lair:3:   layout_cave_shapes, skrybe_swamp_entry_bodies,
          hellmonk_spider_entry_life_and_decay, minmay_lair_oklob_bushes
Swamp:1:  layout_basic_swamp, nicolae_swamp_trees_clearing

Skill      XL: |  1  2  3  4  5  6  7  8  9 10 11 12 |
---------------+-------------------------------------+-----
Transmutations | 2 3 4 5 |  5.0
Spellcasting   | 3 4 5 |  5.9
Earth Magic    | 4 5 6 |  6.8
Invocations    | 1 2 3 4 6 |  6.2
Conjurations   | 1 2 3 4 5 |  5.6
Fighting       | 1 3 5 7 |  7.9
Dodging        | 3 4 5 7 |  7.1
Long Blades    | 4 6 7 |  7.6
Stealth        | 7 10 | 10.0
Evocations     | 4 5 |  5.4

Action                     |  1- 3 |  4- 6 |  7- 9 | 10-12 || total
---------------------------+-------+-------+-------+-------++-------
  Melee: Unarmed           |    19 |       |       |       ||    19
         Bite              |     3 |       |       |    20 ||    23
         Dagger            |     1 |       |     2 |       ||     3
         Kick              |       |       |     1 |       ||     1
         Demon blade       |       |       |       |   147 ||   147
         Punch             |       |       |       |     2 ||     2
   Cast: Sandblast         |    51 |    88 |   145 |   189 ||   473
         Stone Arrow       |       |       |     6 |   102 ||   108
 Invoke: Oozemancy         |       |       |     1 |       ||     1
  Evoke: Wand              |       |     2 |       |    10 ||    12
    Use: Scroll            |     3 |     2 |     1 |     9 ||    15
         Potion            |       |       |     2 |     7 ||     9
   Stab: Sleeping          |       |       |       |     2 ||     2
 Armour: Robe              |     9 |    12 |    21 |     3 ||    45
         Steam dragon scal |       |       |       |    97 ||    97
  Dodge: Dodged            |    30 |    42 |   107 |   352 ||   531

Table legend: (Time is in decaauts)
 A = Elapsed time spent in this place.
 B = Non-inter-level travel time spent in this place.
 C = Inter-level travel time spent in this place.
 D = Time resting spent in this place.
 E = Time spent auto-exploring this place.
 F = Levels seen in this place.
 G = Mean time per level.
                   A        B        C        D        E       F      G
               +--------+--------+--------+--------+--------+-----+--------+
         Total |  11116 |  10395 |    721 |    866 |   5494 |  16 |  694.8 |
       Dungeon |   7801 |   7221 |    580 |    587 |   4020 |  10 |  780.1 |
        Temple |    119 |    114 |      5 |      0 |    106 |   1 |  119.0 |
          Lair |   2666 |   2530 |    136 |    233 |   1269 |   3 |  888.7 |
         Swamp |      2 |      2 |      0 |      0 |      0 |   1 |    2.0 |
        Bailey |    526 |    526 |      0 |     45 |     99 |   1 |  526.0 |
               +--------+--------+--------+--------+--------+-----+--------+

Top non-repeatable levels by time:
     D:6: 1283 daAuts
     D:1: 1276 daAuts
  Lair:2: 1182 daAuts
  Lair:1: 1117 daAuts
     D:2: 877 daAuts
     D:9: 864 daAuts
     D:5: 810 daAuts
     D:7: 774 daAuts
     D:3: 765 daAuts
     D:4: 575 daAuts
     D:8: 555 daAuts
  Bailey: 526 daAuts
  Lair:3: 367 daAuts
  Temple: 119 daAuts
    D:10: 18 daAuts
